 Seeded DCSS version 0.30.1-5-ged363bc7ee (webtiles) character file.

Game seed: 69 (custom seed)

106 Psyclone the Stinger (level 4, -3/25 HPs)
             Began as a Deep Elf Venom Mage on Sept 19, 2023.
             Slain by an iguana (12 damage)
             ... on level 3 of the Dungeon.
             The game lasted 00:05:33 (3018 turns).

Psyclone the Stinger (Deep Elf Venom Mage)          Turns: 3018, Time: 00:05:33

Health: -3/25      AC:  2    Str:  5    XL:     4   Next: 55%
Magic:  2/11       EV: 13    Int: 22    God:
Gold:   121        SH:  0    Dex: 15    Spells: 0/10 levels left

rFire   . . .        a - +1 club (spect)
rCold   . . .        (no shield)
rNeg    . . .        q - +0 robe
rPois   .            (no helmet)
rElec   .            (no cloak)
rCorr   .            (no gloves)
SInv    .            (no boots)
Will    .....        (no amulet)
Stlth   ++           (no ring)
HPRegen 0.24/turn    (no ring)
MPRegen 0.12/turn

%: no passive effects
@: no status effects
A: no striking features
a: no special abilities


You were on level 3 of the Dungeon.
You visited 1 branch of the dungeon, and saw 3 of its levels.

You collected 121 gold pieces.

Inventory:

Hand Weapons
 a - a +1 spectral club (weapon)
 b - a +0 dagger
Missiles
 k - 11 poisoned darts
Armour
 q - a +0 robe (worn)
Jewellery
 m - an amulet of reflection
Scrolls
 c - 2 scrolls of poison {unknown}
 d - a scroll of teleportation {unknown}
 e - a scroll of amnesia {unknown}
 l - 2 scrolls of noise {unknown}
 n - a scroll of enchant weapon {unknown}
 o - a scroll of identify {unknown}
 p - a scroll of butterflies {unknown}
Potions
 f - 2 potions of flight {unknown}
 g - a potion of might {unknown}
 h - a potion of magic
 i - a potion of berserk rage {unknown}
 j - a potion of degeneration {unknown}


   Skills:
 + Level 1.2 Fighting
 + Level 3.3 Dodging
 - Level 2.4 Stealth
 + Level 3.9 Spellcasting
 - Level 1.1 Transmutations
 * Level 4.5 Poison Magic


You couldn't memorise any spells.
You knew the following spells:

 Your Spells              Type           Power      Damage    Failure   Level
a - Poisonous Vapours     Pois/Air       28%        N/A       7%          2
d - Mephitic Cloud        Conj/Pois/Air  11%        N/A       19%         3
v - Sting                 Tmut/Pois      64%        1d6       3%          1
x - Olgreb's Toxic Radia  Pois           24%        N/A       17%         4

Your spell library contained the following spells:

 Spells                   Type           Power      Damage    Failure   Level


Dungeon Overview and Level Annotations

Branches:
Dungeon (3/15) Zot: 14980

Altars:


Message History

Confirm with . or Enter, or press ? or * to list all spells.
Aiming: Poisonous Vapours (safe; 7% risk of failure)
Press: ? - help, Dir - move target, f/p - iguana
Aim: an iguana (lightly wounded, poisoned) Poisonous vapours surround the iguana!
The iguana looks even sicker.
You now have 5/11 mp.
Casting: Poisonous Vapours (safe; 7% risk of failure)
Confirm with . or Enter, or press ? or * to list all spells.
Aiming: Poisonous Vapours (safe; 7% risk of failure)
Press: ? - help, Dir - move target, f/p - iguana
Aim: an iguana (lightly wounded, very poisoned) Poisonous vapours surround the iguana!
The iguana looks even sicker.
You now have 3/11 mp.
Casting: Poisonous Vapours (safe; 7% risk of failure)
Confirm with . or Enter, or press ? or * to list all spells.
Aiming: Poisonous Vapours (safe; 7% risk of failure)
Press: ? - help, Dir - move target, f/p - iguana
Aim: an iguana (lightly wounded, very poisoned) Poisonous vapours surround the iguana!
The iguana looks as sick as possible!
The iguana bites you.
You take 6 damage, and have 19/25 hp.
MASSIVE DAMAGE!!
You now have 1/11 mp.
You hit the iguana but do no damage.
The iguana is lightly wounded.
Your +1 spectral club hits the iguana.
The iguana bites you.
You take 3 damage, and have 16/25 hp.
You hit the iguana but do no damage.
The iguana is heavily wounded.
Your +1 spectral club hits the iguana but does no damage.
The iguana bites you!
Your magical contamination has completely faded away.
You take 7 damage, and have 9/25 hp.
MASSIVE DAMAGE!!
You barely miss the iguana.
The iguana is heavily wounded.
Your +1 spectral club hits the iguana but does no damage.
The iguana misses you.
You hit the iguana but do no damage.
The iguana is heavily wounded.
Your +1 spectral club hits the iguana.
The iguana barely misses you. The iguana bites you!
You die...

#.$.#
####...####
.........
.......
.....
##.(.##
#..l..#
#..@..#
#.....#
#........
#.....##.#
#.....# #
......#
#.....##
...(...


You could see an iguana (very poisoned) and a friendly +1 spectral club.

Vanquished Creatures
  Jessica (D:2)
  3 adders (D:2)
  8 bats
  3 endoplasms
  3 goblins
  9 hobgoblins
  4 jackals (D:2)
  5 quokkas
  4 ball pythons
  2 frilled lizards (D:1)
  3 kobolds
  5 rats
50 creatures vanquished.

Notes
Turn   | Place    | Note
-------+----------+-------------------------------------------
     0 | D:1      | Psyclone the Deep Elf Venom Mage began the quest for the
                  | Orb.
     0 | D:1      | Reached XP level 1. HP: 10/10 MP: 6/6
   328 | D:1      | Reached XP level 2. HP: 15/15 MP: 4/8
   389 | D:1      | Learned a level 2 spell: Poisonous Vapours
  1098 | D:1      | Found a faded altar of an unknown god.
  1555 | D:2      | Reached XP level 3. HP: 18/20 MP: 0/9
  1564 | D:2      | Reached skill level 4 in Poison Magic
  1825 | D:2      | Reached skill level 1 in Fighting
  2122 | D:2      | Reached XP level 4. HP: 20/25 MP: 1/11
  2814 | D:2      | Noticed Jessica
  2817 | D:2      | Killed Jessica
  2970 | D:2      | Learned a level 4 spell: Olgreb's Toxic Radiance
  2974 | D:2      | Learned a level 3 spell: Mephitic Cloud
  3018 | D:3      | Slain by an iguana

Illustrated notes

Levels and vault maps discovered:
D:1:      minmay_arrival_nine_rooms, layout_basic,
          dreamdust_ecumenical_altar_sealed_demon
D:2:      layout_loops_ring, minivault_11, uniq_jessica
D:3:      layout_loops_cross, mainiacjoe_overflow_catwalk, serial_bayou_pond_a

Skill      XL: |  1  2  3 |
---------------+----------+-----
Poison Magic   | 4 |  4.5
Dodging        | 3 |  3.3
Fighting       | 1 |  1.2
Stealth        | |  2.4
Spellcasting   | |  3.9
Transmutations | |  1.1

Action                     |  1- 3 |  4- 6 || total
---------------------------+-------+-------++-------
  Melee: Dagger            |    31 |    34 ||    65
         Unarmed           |     6 |       ||     6
         Club              |       |     7 ||     7
   Cast: Sting             |    23 |     1 ||    24
         Poisonous Vapours |    54 |    20 ||    74
   Stab: Sleeping          |       |     2 ||     2
 Armour: Robe              |     7 |     8 ||    15
  Dodge: Dodged            |    49 |    37 ||    86
